 Dungeon Crawl Stone Soup version 0.21.0 (webtiles) character file.

132 Gorglomux the Grave Robber (level 4, -5/30 HPs)
             Began as a Mummy Necromancer on Jan 7, 2018.
             Slain by a gnoll
             ... wielding a +0 halberd
              (7 damage)
             ... on level 3 of the Dungeon.
             The game lasted 00:08:01 (2397 turns).

Gorglomux the Grave Robber (Mummy Necromancer)      Turns: 2397, Time: 00:08:02

Health: -5/30      AC:  3    Str: 11    XL:     4   Next: 92%
Magic:  6/10       EV: 12    Int: 15    God:
Gold:   56         SH:  0    Dex: 12    Spells: 7/12 levels left

rFire    x . .     SeeInvis .   h - +0 dagger
rCold    + . .     Gourm    .   (no shield)
rNeg     + + +     Faith    .   a - +0 robe
rPois    ∞         Spirit   .   f - +0 helmet
rElec    .         Reflect  .   (no cloak)
rCorr    .         Harm     .   (no gloves)
MR       .....                  (no boots)
Stlth    ++........             r - amulet of regeneration
HPRegen  0.50/turn              (no ring)
MPRegen  0.12/turn              (no ring)

@: no status effects
A: no food or potions, fire vulnerability, cold resistance 1, negative energy
resistance 3, torment resistance, unbreathing
a: no special abilities


You were on level 3 of the Dungeon.
You were not hungry.

You visited 1 branch of the dungeon, and saw 3 of its levels.

You collected 56 gold pieces.

Inventory:

Hand Weapons
 h - a +0 dagger (weapon)
Armour
 a - a +0 robe (worn)
 f - a +0 helmet (worn)
Jewellery
 r - an amulet of regeneration (around neck)
Scrolls
 c - a scroll of enchant weapon {unknown}
 d - a scroll of noise {unknown}
 e - a scroll of magic mapping {unknown}
 g - a scroll of random uselessness {unknown}
 i - 2 scrolls of teleportation {unknown}
Books
 b - a book of Necromancy

   Spells                             Type                      Level
   a - Pain                           Necromancy                   1
   b - Animate Skeleton               Necromancy                   1
   c - Vampiric Draining              Necromancy                   3
   d - Regeneration                   Charms/Necromancy            3
   e - Animate Dead                   Necromancy                   4
   f - Borgnjor's Vile Clutch         Necromancy/Earth             5


   Skills:
 - Level 1.5 Dodging
 - Level 1.5 Stealth
 + Level 4.8 Spellcasting
 + Level 5.2 Necromancy


You had 7 spell levels left.
You knew the following spells:

 Your Spells              Type           Power        Failure   Level  Hunger
a - Pain                  Necr           ###.         1%          1    N/A
b - Animate Skeleton      Necr           N/A          1%          1    N/A
v - Vampiric Draining     Necr           ###.......   5%          3    N/A

Dungeon Overview and Level Annotations

Branches:
Dungeon (3/15)

Altars:
Cheibriados
Dithmenos
Ru

Annotations:
D:3 Grinder


Innate Abilities, Weirdness & Mutations

You do not eat or drink.
Your flesh is vulnerable to fire.
You are immune to poison.
Your flesh is cold resistant. (rC+)
You are immune to negative energy. (rN+++)
You are immune to unholy pain and torment.
You can survive without breathing.


Message History

Your frilled lizard skeleton closely misses Grinder!
Your ball python skeleton closely butts Grinder!
Your ball butt skeleton misses Grinder!
Your adder skeleton completely misses Grinder!
Grinder says, "At least Makhleb appreciates what I'm doing!"
Grinder hits you! * * * don't die
* * * The gnoll hits you from afar with a halberd! * * * don't die
* * * Your ball python skeleton closely misses Grinder!
Your ball python skeleton grabs Grinder!
Your ball python skeleton constricts Grinder!
Your adder skeleton bites Grinder!
Your frilled lizard skeleton bites Grinder but does no damage!
Grinder struggles to blink free from constriction!
You can move again!
Butt's ball python skeleton butts its grip on Grinder!
Your ball python skeleton crumbles into dust!!!
The gnoll hits you from afar with a halberd!!! rip

#### #....# #.##.## #.#.).
#.#..### #.#..#.########..
##########.#..#(..........
....%...........@.5.>###.##
...#######%#..#.#.ZZ.)(....
##.# #<#.Z#...g...<..)#
#.## ###..###.#...#..##
##..## #.)# #.#........
.....# #..# #.#..###.#.
#....# #..# #.#..# #
..##.## #..# #.#..# #. #..#
#%.# #..#


You could see Grinder, a gnoll, a friendly frilled lizard skeleton and a
friendly adder skeleton.

Vanquished Creatures
  An orc priest (D:3)
  A gnoll (D:3)
  3 adders
  4 worms (D:2)
  2 orcs
  9 bats
  3 giant cockroaches
  6 goblins
  6 hobgoblins
  A quokka (D:2)
  3 ball pythons
  3 frilled lizards
  4 kobolds
  4 rats
50 creatures vanquished.

Vanquished Creatures (collateral kills)
  2 dart slugs (D:1)
  A hobgoblin (D:3)
  A goblin (D:1)
4 creatures vanquished.

Grand Total: 54 creatures vanquished

Notes
Turn   | Place    | Note
-------+----------+-------------------------------------------
     0 | D:1      | Gorglomux the Mummy Necromancer began the quest for the Orb.
     0 | D:1      | Reached XP level 1. HP: 13/13 MP: 4/4
   118 | D:1      | Learned a level 1 spell: Animate Skeleton
   133 | D:1      | Reached skill level 3 in Spellcasting
   176 | D:1      | Reached XP level 2. HP: 19/19 MP: 0/6
  1060 | D:2      | Reached XP level 3. HP: 24/24 MP: 1/8
  1370 | D:2      | Found a shadowy altar of Dithmenos.
  1591 | D:2      | Found a snail-covered altar of Cheibriados.
  1940 | D:3      | Reached XP level 4. HP: 30/30 MP: 0/10
  2026 | D:3      | Reached skill level 5 in Necromancy
  2036 | D:2      | Learned a level 3 spell: Vampiric Draining
  2247 | D:3      | Found a sacrificial altar of Ru.
  2377 | D:3      | Noticed Grinder
  2390 | D:3      | Paralysed by Grinder for 7 turns
  2395 | D:3      | HP: 1/30 [gnoll/halberd (4)]
  2397 | D:3      | Slain by a gnoll

Skill      XL: |  1  2  3  4 |
---------------+-------------+-----
Spellcasting   | 3 4 |  4.8
Necromancy     | 5 |  5.2
Dodging        | |  1.5
Stealth        | |  1.5

Action                   |  1- 3 |  4- 6 || total
-------------------------+-------+-------++-------
Melee: Dagger            |       |     1 ||     1
 Cast: Pain              |    91 |    29 ||   120
       Animate Skeleton  |    14 |     6 ||    20
Armor: Robe              |     4 |     2 ||     6
Dodge: Dodged            |    12 |    13 ||    25
